 Dungeon Crawl Stone Soup version 0.32-a0-350-g4f4d228785 (webtiles) character file.

Game seed: 18318386788764432166

2804 jasper the Blocker (level 9, -5/74 HPs)
             Began as a Gnoll Fighter on Feb 17, 2024.
             Was an Elder of Fedhas.
             Slain by a wyvern (8 damage)
             ... on level 7 of the Dungeon.
             The game lasted 00:11:58 (7976 turns).

jasper the Blocker (Gnoll Fighter)                  Turns: 7976, Time: 00:11:59

Health: -5/74      AC: 13    Str: 16    XL:     9   Next: 72%
Magic:  16/16      EV: 12    Int: 11    God:    Fedhas [****..]
Gold:   227        SH:  7    Dex: 12    Spells: 17/17 levels left

rFire   . . .        q - +2 scimitar (holy)
rCold   . . .        c - +1 buckler
rNeg    . . .        p - +0 ring mail
rPois   .            d - +0 helmet
rElec   .            (no cloak)
rCorr   .            w - +0 pair of gloves
SInv    .            (no boots)
Will    .....        (no amulet)
Stlth   ++           j - +4 ring of protection
HPRegen 0.32/turn    (no ring)
MPRegen 0.15/turn

%: no passive effects
@: lethally poisoned (-5 -> -6), on berserk cooldown, slowed, very slow
A: fangs 1, strong nose, distributed training
a: Renounce Religion, Wall of Briars, Grow Ballistomycete, Overgrow


You were on level 7 of the Dungeon.
You worshipped Fedhas.
Fedhas was greatly pleased with you.
You visited 1 branch of the dungeon, and saw 8 of its levels.
You also visited: Sewer.

You collected 431 gold pieces.
You spent 204 gold pieces at shops.

Inventory:

Hand Weapons
 a - a +1 long sword
 h - a +2 dagger of speed
 l - a +0 trident of freezing
 n - a +1 dagger of flaming
 o - a +0 sling
 q - a +2 scimitar of holy wrath (weapon)
 r - a +0 great sword of electrocution
 u - a +0 dagger of venom
 D - a +0 arbalest
Missiles
 e - 19 poisoned darts (quivered)
 f - 61 stones
 s - 8 boomerangs
Armour
 b - a +0 scale mail
 c - a +1 buckler (worn)
 d - a +0 helmet (worn)
 i - a +0 chain mail
 p - a +0 ring mail (worn)
 w - a +0 pair of gloves (worn)
Magical Staves
 y - the staff "Gasu" {rF++ rC+ Str+2 Ice}
   (You acquired it in a sewer)

   [staff of cold]

   Base accuracy: +5 Base damage: 5 Base attack delay: 1.2 This weapon's minimum
   attack delay (0.6) is reached at skill level 12.
   Str+2:     It affects your strength (+2).
   rF++:      It greatly protects you from fire.
   rC+:       It protects you from cold.
   Ice:       It increases the power of your Ice spells.
   It falls into the 'Staves' category.
   It is a one-handed weapon.
Jewellery
 j - a +4 ring of protection (left hand)
Talismans
 k - a blade talisman
Wands
 g - a wand of quicksilver (7)
Scrolls
 C - a scroll of teleportation
 E - a scroll of butterflies
Potions
 m - 2 potions of degeneration
 t - a potion of enlightenment
 v - 2 potions of resistance
 x - a potion of mutation {unknown}
 z - 2 potions of lignification
 B - 2 potions of curing


   Skills:
 + Level 8.1 Fighting
 + Level 4.7 Short Blades
 + Level 6.6 Long Blades
 + Level 4.7 Axes
 + Level 4.7 Maces & Flails
 + Level 4.7 Polearms
 + Level 4.7 Staves
 + Level 4.7 Ranged Weapons
 + Level 4.7 Throwing
 + Level 8.1 Armour
 + Level 4.7 Dodging
 + Level 4.7 Stealth
 + Level 8.1 Shields
 + Level 4.7 Unarmed Combat
 + Level 4.7 Spellcasting
 + Level 3.9 Conjurations
 + Level 3.9 Hexes
 + Level 3.9 Summonings
 + Level 3.9 Necromancy
 + Level 3.9 Translocations
 + Level 3.9 Fire Magic
 + Level 3.9 Ice Magic
 + Level 3.9 Air Magic
 + Level 3.9 Earth Magic
 + Level 3.9 Alchemy
 + Level 5.1 Invocations
 + Level 4.7 Evocations
 + Level 4.2 Shapeshifting


You had 17 spell levels left.
You didn't know any spells.
Your spell library contained the following spells:

 Spells                   Type           Power      Damage    Failure   Level
 Summon Small Mammal      Summ           44%        N/A       10%         1
 Call Canine Familiar     Summ           11%        N/A       28%         3
 Summon Blazeheart Golem  Fire/Summ      11%        N/A       67%         4


Dungeon Overview and Level Annotations

Branches:
Dungeon (8/15)             Temple (0/1) D:4           Sewer (visited)
   Lair: D:8-11

Altars:
Fedhas
Okawaru
Ru

Shops:
D:5 (   D:6 [   D:7 *:

Annotations:
D:7 1 transporter, Biggs's ghost, novice VSMo


Innate Abilities, Weirdness & Mutations

You have very sharp teeth.
Your uncanny sense of smell can sniff out nearby items.
Your experience applies equally to all skills.


Message History

* * * LOW HITPOINT WARNING * * *
You are more poisoned.
The killer bee poisons you!
You take 5 damage, and have 25/111 hp.
You slice the killer bee!!
You kill the killer bee!
Fedhas appreciates your contribution to the ecosystem.
You feel sick. You block the wyvern's attack.
You take 1 damage, and have 24/111 hp.
You closely miss the wyvern. Your bite misses the wyvern.
You feel sick. The wyvern bites you.
* * * LOW HITPOINT WARNING * * *
You take 6 damage, and have 18/111 hp.
You barely miss the wyvern.
You feel sick. The wyvern closely misses you.
You take 2 damage, and have 16/111 hp.
You hit the wyvern.
The wyvern is lightly wounded.
You feel sick. The wyvern closely misses you.
You completely miss the wyvern.
The wyvern is lightly wounded.
You feel sick. You block the wyvern's attack.
You take 1 damage, and have 15/111 hp.
MP restored: 16 You slash the wyvern!
The wyvern is heavily wounded.
You are no longer berserk.
You are exhausted.
You feel yourself slow down.
You feel sick. The wyvern barely misses you.
You now have 9/74 hp.
You hit the wyvern. Your bite misses the wyvern.
The wyvern is heavily wounded.
You feel sick. The wyvern barely misses you. You block the wyvern's attack. x2
You take 1 damage, and have 8/74 hp.
You closely miss the wyvern.
The wyvern is heavily wounded.
You feel sick. The wyvern bites you.
* * * LOW HITPOINT WARNING * * *
The wyvern bites you!
You die...
Fedhas appreciates your contribution to the ecosystem.

##..................
#...................
#..#....####.......#
#.......####.......#
#......>............
#..#..........##....
#..#..........##....
#.>.....#####.#####.
#..@...## #.# #.
#.k....# #.# #.
#......# #.# #.
#..##### #.#####.
#..##########.......
#..##.........#####.
#.............#####.
#..##.#######....##.
#.>##.##............


You could see a wyvern.

Vanquished Creatures
  A hornet (D:7)
  Grinder (D:3)
  Sigmund (D:2)
  A water moccasin (D:5)
  An orc warrior (D:7)
  A sky beast (D:6)
  A black bear (D:4)
  A phantom (D:5)
  2 kobold brigands (Sewer)
  A bullfrog (D:7)
  4 wights (D:6)
  4 killer bees (D:7)
  A howler monkey (D:7)
  3 bombardier beetles
  2 hounds
  2 gnoll boudas
  2 orc priests
  Jessica (D:2)
  3 iguanas
  Ijyb (D:3)
  Terence (D:3)
  6 orc wizards
  Robin (D:3)
  12 gnolls
  12 adders
  A river rat (Sewer)
  A white imp (D:6)
  4 ufetubi
  A dart slug (D:4)
  6 ribbon worms
  25 orcs
  10 ball pythons
  2 bats (D:1)
  10 endoplasms
  3 giant cockroaches
  16 goblins
  12 hobgoblins
  8 jackals
  5 quokkas
  7 frilled lizards
  19 kobolds
  5 rats
201 creatures vanquished.

Vanquished Creatures (collateral kills)
  3 ballistomycete spores (D:7)
3 creatures vanquished.

Grand Total: 204 creatures vanquished

Notes
Turn   | Place    | Note
-------+----------+-------------------------------------------
     0 | D:1      | jasper the Gnoll Fighter began the quest for the Orb.
     0 | D:1      | Reached XP level 1. HP: 23/23 MP: 1/1
    72 | D:1      | Reached XP level 2. HP: 25/29 MP: 2/2
   135 | D:1      | Reached XP level 3. HP: 32/35 MP: 3/3
   191 | D:1      | Reached skill level 1 in Invocations
   403 | D:1      | Reached skill level 1 in Short Blades
   403 | D:1      | Reached skill level 1 in Axes
   403 | D:1      | Reached skill level 1 in Maces & Flails
   403 | D:1      | Reached skill level 1 in Polearms
   403 | D:1      | Reached skill level 1 in Staves
   403 | D:1      | Reached skill level 1 in Ranged Weapons
   403 | D:1      | Reached skill level 1 in Throwing
   403 | D:1      | Reached skill level 1 in Dodging
   403 | D:1      | Reached skill level 1 in Stealth
   403 | D:1      | Reached skill level 1 in Unarmed Combat
   403 | D:1      | Reached skill level 1 in Spellcasting
   403 | D:1      | Reached skill level 1 in Evocations
   606 | D:1      | Reached skill level 1 in Shapeshifting
   606 | D:1      | Reached XP level 4. HP: 41/41 MP: 5/5
   893 | D:2      | Noticed Jessica
   965 | D:2      | Killed Jessica
   966 | D:2      | Reached skill level 1 in Conjurations
   966 | D:2      | Reached skill level 1 in Hexes
   966 | D:2      | Reached skill level 1 in Summonings
   966 | D:2      | Reached skill level 1 in Necromancy
   966 | D:2      | Reached skill level 1 in Translocations
   966 | D:2      | Reached skill level 1 in Fire Magic
   966 | D:2      | Reached skill level 1 in Ice Magic
   966 | D:2      | Reached skill level 1 in Air Magic
   966 | D:2      | Reached skill level 1 in Earth Magic
   966 | D:2      | Reached skill level 1 in Alchemy
  1545 | D:2      | Found a blossoming altar of Fedhas.
  1560 | D:2      | Noticed Sigmund
  1566 | D:2      | Killed Sigmund
  1567 | D:2      | Reached skill level 5 in Long Blades
  1567 | D:2      | Reached XP level 5. HP: 47/47 MP: 5/7
  1567 | D:2      | Reached XP level 6. HP: 53/53 MP: 5/8
  1575 | D:2      | Became a worshipper of Fedhas Madash
  1854 | D:3      | Noticed Robin
  1858 | D:3      | Noticed Ijyb
  2026 | D:3      | Found a faded altar of an unknown god.
  2059 | D:3      | Noticed Grinder
  2126 | D:3      | Noticed Terence
  2162 | D:3      | Killed Ijyb
  2171 | D:3      | Killed Terence
  2187 | D:3      | Killed Robin
  2386 | D:3      | Killed Grinder
  2387 | D:3      | Reached XP level 7. HP: 60/60 MP: 10/10
  2405 | D:3      | Found a sacrificial altar of Ru.
  2558 | D:3      | Reached * piety under Fedhas
  2997 | D:4      | Found a staircase to the Ecumenical Temple.
  3591 | D:5      | Entered Level 5 of the Dungeon
  3769 | D:4      | Reached XP level 8. HP: 49/67 MP: 12/12
  3874 | D:4      | Reached ** piety under Fedhas
  4079 | D:5      | Found Yhis's Antique Weapon Emporium.
  4087 | D:5      | Bought a glowing scimitar for 168 gold pieces
  4954 | D:6      | Found a glowing drain.
  5030 | Sewer    | Entered a sewer
  5211 | Sewer    | Reached *** piety under Fedhas
  5902 | Sewer    | Identified a scroll of acquirement
  5902 | Sewer    | Acquired the staff "Gasu" {rF++ rC+ Str+2 Ice}
  6055 | D:6      | Reached XP level 9. HP: 59/73 MP: 14/14
  6212 | D:6      | Found Komu Hizo's Armour Boutique.
  6490 | D:6      | Reached **** piety under Fedhas
  6688 | D:7      | Found Qygezue's General Store.
  6697 | D:7      | Bought a scroll of teleportation for 36 gold pieces
  6702 | D:7      | Found Plog's Book Shoppe.
  6802 | D:7      | Noticed Biggs's ghost (novice VSMo)
  6803 | D:7      | Found a transporter.
  7252 | D:7      | Found an iron altar of Okawaru.
  7457 | D:7      | Noticed a hornet
  7487 | D:7      | Killed a hornet
  7488 | D:7      | Reached skill level 5 in Invocations
  7976 | D:7      | HP: 3/74 [wyvern (4)]
  7976 | D:7      | Slain by a wyvern

Illustrated notes

Levels and vault maps discovered:
D:1:      denvon_arrival_waterhouse, layout_basic
D:2:      layout_loops_corners, basic_altar, uniq_sigmund, uniq_jessica
D:3:      layout_basic, nicolae_ru_the_path_less_chosen,
          ebering_ecumenical_altar_hall, dk_noncrumbling_2, uniq_ijyb,
          uniq_terence, uniq_grinder, uniq_robin
D:4:      layout_loops_cross, minmay_temple_entry_junction_2
D:5:      layout_basic, serial_shops, nicolae_shop_statue_plus
D:6:      layout_loops_ring, gup_sewer_entry_glass, serial_shops, shop,
          serial_library, serial_library_regret_index_multi,
          serial_library_hellmonk_h_bend, serial_library_hellmonk_hallway_a,
          serial_library_regret_index_split_case,
          serial_library_hellmonk_angled_corner,
          serial_library_hellmonk_small_alcove,
          serial_library_hellmonk_small_alcove
D:7:      nicolae_cairo_tiling, layout_basic, mainiacjoe_overflow_paths,
          gammafunk_ghost_smash, serial_shops, nicolae_shop_tiny_glass,
          nicolae_shop_trees
D:8:      layout_rooms, amcnicky_mini_corridor_feature, uniq_gastronok

Skill      XL: |  1  2  3  4  5  6  7  8  9 |
---------------+----------------------------+-----
Invocations    | 1 2 3 4 5 |  5.1
Short Blades   | 1 2 3 4 |  4.7
Axes           | 1 2 3 4 |  4.7
Maces & Flails | 1 2 3 4 |  4.7
Polearms       | 1 2 3 4 |  4.7
Staves         | 1 2 3 4 |  4.7
Ranged Weapons | 1 2 3 4 |  4.7
Throwing       | 1 2 3 4 |  4.7
Dodging        | 1 2 3 4 |  4.7
Stealth        | 1 2 3 4 |  4.7
Unarmed Combat | 1 2 3 4 |  4.7
Spellcasting   | 1 2 3 4 |  4.7
Evocations     | 1 2 3 4 |  4.7
Shapeshifting  | 1 2 3 4 |  4.2
Conjurations   | 1 2 3 |  3.9
Hexes          | 1 2 3 |  3.9
Summonings     | 1 2 3 |  3.9
Necromancy     | 1 2 3 |  3.9
Translocations | 1 2 3 |  3.9
Fire Magic     | 1 2 3 |  3.9
Ice Magic      | 1 2 3 |  3.9
Air Magic      | 1 2 3 |  3.9
Earth Magic    | 1 2 3 |  3.9
Alchemy        | 1 2 3 |  3.9
Long Blades    | 5 6 |  6.6
Fighting       | 7 8 |  8.1
Armour         | 7 8 |  8.1
Shields        | 7 8 |  8.1

Action                     |  1- 3 |  4- 6 |  7- 9 || total
---------------------------+-------+-------+-------++-------
  Melee: Long sword        |    93 |   105 |   130 ||   328
         Bite              |     6 |     6 |    52 ||    64
         Unarmed           |       |    14 |       ||    14
         Dagger            |       |       |    10 ||    10
         Scimitar          |       |       |   359 ||   359
   Fire: Sling             |       |       |    40 ||    40
  Throw: Dart              |       |     6 |    63 ||    69
 Invoke: Grow Ballistomyce |       |       |     1 ||     1
  Evoke: Wand              |       |     4 |       ||     4
    Use: Scroll            |     1 |     1 |    12 ||    14
         Potion            |       |     2 |     2 ||     4
 Armour: Scale mail        |    70 |    72 |   188 ||   330
         Skin              |       |    62 |       ||    62
         Ring mail         |       |       |   206 ||   206
  Dodge: Dodged            |    39 |    41 |   319 ||   399
  Block: Buckler           |    28 |    38 |   203 ||   269

Table legend: (Time is in decaauts)
 A = Elapsed time spent in this place.
 B = Non-inter-level travel time spent in this place.
 C = Inter-level travel time spent in this place.
 D = Time resting spent in this place.
 E = Time spent auto-exploring this place.
 F = Levels seen in this place.
 G = Mean time per level.
                   A        B        C        D        E       F      G
               +--------+--------+--------+--------+--------+-----+--------+
         Total |   8296 |   7950 |    346 |    773 |   5060 |   9 |  921.8 |
       Dungeon |   7181 |   6835 |    346 |    720 |   4375 |   8 |  897.6 |
         Sewer |   1115 |   1115 |      0 |     53 |    684 |   1 | 1115.0 |
               +--------+--------+--------+--------+--------+-----+--------+

Top non-repeatable levels by time:
     D:7: 1282 daAuts
     D:6: 1146 daAuts
   Sewer: 1115 daAuts
     D:2: 1059 daAuts
     D:1: 979 daAuts
     D:5: 955 daAuts
     D:4: 928 daAuts
     D:3: 823 daAuts
     D:8: 8 daAuts
